 Dungeon Crawl Stone Soup version 0.28.0-43-g3370ac3207 (webtiles) character file.

Game seed: 18393118921259815976

459 H0rd4k the Magician (level 6, 0/32 HPs)
             Began as a Deep Elf Hedge Wizard on Mar 9, 2022.
             Slain by a troll (5 damage)
             ... on level 5 of the Dungeon.
             The game lasted 00:06:11 (4947 turns).

H0rd4k the Magician (Deep Elf Hedge Wizard)         Turns: 4947, Time: 00:06:12

Health: 0/32       AC:  2    Str:  7    XL:     6   Next: 78%
Magic:  13/18      EV: 12    Int: 21    God:
Gold:   234        SH:  0    Dex: 14    Spells: 11/20 levels left

rFire   x . .      SeeInvis .   a - +0 dagger
rCold   + . .      Faith    .   (no shield)
rNeg    . . .      Spirit   .   b - +0 robe
rPois   .          Reflect  .   c - +0 hat
rElec   .          Harm     .   (no cloak)
rCorr   .          Rampage  .   (no gloves)
Will    .....                   (no boots)
Stlth   ++........              (no amulet)
HPRegen 0.10/turn               j - ring of ice
MPRegen 0.16/turn               (no ring)

@: on blink cooldown
A: no striking features
a: no special abilities


You were on level 5 of the Dungeon.
You visited 1 branch of the dungeon, and saw 5 of its levels.

You collected 234 gold pieces.

Inventory:

Hand Weapons
 a - a +0 dagger (weapon)
Missiles
 l - 4 poisoned darts
Armour
 b - a +0 robe (worn)
 c - a +0 hat (worn)
Magical Staves
 n - a staff of fire
Jewellery
 j - a ring of ice (left hand)
Wands
 o - a wand of flame (12)
Scrolls
 d - a scroll of magic mapping {unknown}
 h - a scroll of identify
 i - a scroll of teleportation
 k - a scroll of amnesia {unknown}
 p - a scroll of vulnerability {unknown}
 r - a scroll of fog {unknown}
 s - a scroll of immolation {unknown}
 u - a scroll of noise {unknown}
Potions
 e - 4 potions of mutation
 f - a potion of haste {unknown}
 g - 2 potions of curing {unknown}
 m - a potion of attraction {unknown}
 q - a potion of lignification {unknown}
 t - a potion of invisibility {unknown}


   Skills:
 + Level 2.5 Dodging
 - Level 2.4 Stealth
 + Level 7.9 Spellcasting
 + Level 4.3 Conjurations
 + Level 1.1 Summonings
 + Level 2.0 Translocations
 * Level 1.0 Fire Magic
 * Level 1.1 Air Magic
 - Level 1.3 Poison Magic


You had 11 spell levels left.
You knew the following spells:

 Your Spells              Type           Power      Damage    Failure   Level
a - Magic Dart            Conj           100%       1d8       1%          1
b - Blink                 Tloc           34%        N/A       5%          2
c - Conjure Flame         Conj/Fire      19%        6-21      9%          3
d - Mephitic Cloud        Conj/Pois/Air  17%        N/A       10%         3

Your spell library contained the following spells:

 Spells                   Type           Power      Damage    Failure   Level
 Static Discharge         Conj/Air       19%        N/A       4%          2
 Call Imp                 Summ           12%        N/A       8%          2
 Slow                     Hex            32%        N/A       9%          1
 Dazzling Flash           Conj/Hex       34%        N/A       10%         3
 Iskenderun's Mystic Bla  Conj/Tloc      21%        2d6       22%         4
 Sticky Flame             Conj/Fire      19%        2d4       26%         4
 Dispel Undead            Necr           8%         3d8       63%         4
 Silence                  Hex/Air        5%         N/A       87%         5
 Agony                    Necr           8%         N/A       92%         5
 Starburst                Conj/Fire      9%         6d5       99%         6


Dungeon Overview and Level Annotations

Branches:
Dungeon (5/15)
 Temple: D:4-7

Altars:
Ashenzari
Trog

Annotations:
D:1 exclusion: downstairs


Message History

The fire begins to smoulder!
The troll smothers the flame.
Things that are here:
a +0 club; a +0 club; a +0 whip
Things that are here:
a +0 whip; a gnoll corpse
Things that are here:
a +0 short sword; a +0 ring mail
Casting: Conjure Flame (quite dangerous; 9% risk of failure)
Confirm with . or Enter, or press ? or * to list all spells.
The spell is quite dangerous to miscast (10% risk of failure)!
Continue anyway?
Aiming: Mephitic Cloud (quite dangerous; 10% risk of failure)
Press: ? - help, Shift-Dir - straight line, f - troll
Aim: a troll (chance to affect: 67%)
You miscast Mephitic Cloud.
You are very lightly contaminated with residual magic.
Nothing appears to happen.
Unknown command.
Your magical contamination has completely faded away.
You see here an iguana corpse.
The troll completely misses you. The troll claws you. The troll claws you!
Casting: Mephitic Cloud (quite dangerous; 10% risk of failure)
Confirm with . or Enter, or press ? or * to list all spells.
You blink.
The troll bites you. The troll claws you!
* * * LOW HITPOINT WARNING * * *
The troll claws you but does no damage.
Casting: Blink (safe; 5% risk of failure)
Confirm with . or Enter, or press ? or * to list all spells.
You are still too unstable to blink.
Unknown command.
Casting: Blink (safe; 5% risk of failure)
Confirm with . or Enter, or press ? or * to list all spells.
You are still too unstable to blink.
As you read the scroll labelled GUSKUCKIRPHI, it crumbles to dust.
It is a scroll of identify.
e - 4 potions of mutation The steam dragon closely misses you.
The steam dragon claws you.
* * * LOW HITPOINT WARNING * * *
The troll bites you.
You die...

#.#.....#...#
#.#.....##..#
#.###...##..#
...)))..D...#
#.####'###.########
### #...#...D.....#
#...##.#####.##
#...##.# #D#
....##.# #@#
#...###.# #T# ....#
#.# #ยง# ....## #.#
#.# ##.# #(# #..#
#.# #### #.# ## #<#
.# ###########.#


You could see a troll and a steam dragon.

Vanquished Creatures
  An ogre (D:5)
  A water moccasin skeleton (D:5)
  2 hounds
  A jelly (D:5)
  Ijyb (D:3)
  An iguana (D:5)
  8 gnolls
  3 adders
  A howler monkey skeleton (D:5)
  2 worms
  A dart slug (D:1)
  5 orcs
  7 endoplasms
  A giant cockroach (D:2)
  5 goblins (D:1)
  8 hobgoblins
  8 kobolds
  A quokka (D:2)
  7 ball pythons
  2 bats
  9 frilled lizards
  8 rats
83 creatures vanquished.

Notes
Turn   | Place    | Note
-------+----------+-------------------------------------------
     0 | D:1      | H0rd4k the Deep Elf Hedge Wizard began the quest for the
                  | Orb.
     0 | D:1      | Reached XP level 1. HP: 10/10 MP: 7/7
   240 | D:1      | Reached skill level 5 in Spellcasting
   243 | D:1      | Reached XP level 2. HP: 15/15 MP: 2/10
  1169 | D:2      | Reached XP level 3. HP: 19/19 MP: 2/12
  1172 | D:2      | Learned a level 2 spell: Blink
  1176 | D:2      | Learned a level 3 spell: Conjure Flame
  1180 | D:2      | Learned a level 3 spell: Mephitic Cloud
  1497 | D:2      | Reached skill level 6 in Spellcasting
  2288 | D:2      | Reached XP level 4. HP: 24/24 MP: 10/14
  2740 | D:3      | Noticed Ijyb
  2871 | D:3      | Killed Ijyb
  2872 | D:3      | Reached skill level 7 in Spellcasting
  2872 | D:3      | Reached XP level 5. HP: 25/28 MP: 0/16
  3102 | D:3      | Found a bloodstained altar of Trog.
  3916 | D:5      | Entered Level 5 of the Dungeon
  3916 | D:5      | Noticed a troll
  3916 | D:5      | Noticed a water moccasin
  4200 | D:5      | Reached skill level 1 in Poison Magic
  4252 | D:5      | Noticed a steam dragon
  4481 | D:5      | Noticed an ogre
  4493 | D:5      | Reached XP level 6. HP: 32/32 MP: 1/18
  4692 | D:5      | Found a broken altar of Ashenzari.
  4825 | D:5      | Reached skill level 1 in Fire Magic
  4880 | D:5      | Reached skill level 1 in Air Magic
  4947 | D:5      | Slain by a troll

Illustrated notes

Levels and vault maps discovered:
D:1:      sevenhm_arrival_forest_fort_large_2, layout_rooms, minmay_liquid_box,
          minmay_misc_feat_room
D:2:      layout_loops_cross, kennysheep_generic_room_12
D:3:      layout_loops_cross, trog_book, uniq_ijyb
D:4:      layout_rooms, nzn_hepliaklqana_mist_gate
D:5:      layout_basic, lemuel_round_altar, mainiacjoe_overflow_alcove_1,
          lightli_corner_chamber

Skill      XL: |  1  2  3  4  5  6 |
---------------+-------------------+-----
Spellcasting   | 5 6 7 |  7.9
Conjurations   | 2 3 4 |  4.3
Poison Magic   | 1 |  1.3
Fire Magic     | 1 |  1.0
Air Magic      | 1 |  1.1
Translocations | 2 |  2.0
Dodging        | |  2.5
Stealth        | |  2.4
Summonings     | |  1.1

Action                   |  1- 3 |  4- 6 || total
-------------------------+-------+-------++-------
Melee: Dagger            |       |     1 ||     1
 Cast: Magic Dart        |   117 |   134 ||   251
       Mephitic Cloud    |       |     5 ||     5
       Blink             |       |     3 ||     3
       Conjure Flame     |       |     4 ||     4
  Use: Scroll            |       |     2 ||     2
Armor: Robe              |       |     4 ||     4
Dodge: Dodged            |    10 |    15 ||    25
